 Dungeon Crawl Stone Soup version 0.29.1-12-g30fa7ad0bf (webtiles) character file.

Game seed: 1519485408086178816

3724 cheesebisquit the Basher (level 9, -1/89 HPs)
             Began as a Troll Monk on Jan 14, 2023.
             Was an Elder of Okawaru.
             Slain by a large abomination (36 damage)
             ... on level 1 of the Abyss.
             The game lasted 00:47:15 (8082 turns).

cheesebisquit the Basher (Troll Monk)               Turns: 8082, Time: 00:47:16

Health: -1/89      AC:  7    Str: 30    XL:     9   Next: 92%
Magic:  9/9        EV: 11    Int:  5    God:    Okawaru [****..]
Gold:   570        SH:  0    Dex: 22    Spells: 8/8 levels left

rFire   . . .      SeeInvis .   l - +0 giant spiked club
rCold   + . .      Faith    .   (shield currently unavailable)
rNeg    + . .      Spirit   .   B - +0 steam dragon scales
rPois   .          Reflect  .   (helmet restricted)
rElec   .          Harm     +   g - scarf {harm}
rCorr   .          Rampage  .   (gloves unavailable)
Will    .....                   (boots unavailable)
Stlth   ++........              (no amulet)
HPRegen 1.04/turn               D - ring of Idghalidog {rN+ Str+6}
MPRegen 0.11/turn               E - +6 ring of dexterity

@: no status effects
A: large, unfitting armour, claws 3, regeneration 1, shaggy fur 1, tough skin 1,
agile 1, cold resistance 1, low MP 1
a: Renounce Religion, Heroism, Finesse


You were on level 1 of the Abyss.
You worshipped Okawaru.
Okawaru was greatly pleased with you.
You visited 2 branches of the dungeon, and saw 9 of its levels.
You visited the Abyss 1 time.
You also visited: Sewer.

You collected 570 gold pieces.

Inventory:

Hand Weapons
 h - a +0 morningstar
 l - a +0 giant spiked club (weapon)
Missiles
 d - 62 stones (quivered)
 j - 6 datura-tipped darts
 r - 24 poisoned darts
Armour
 g - a scarf of harm (worn)
 v - a +1 robe
 x - a +0 robe
 B - +0 steam dragon scales (worn)
Jewellery
 f - a ring of magical power
 n - a ring of ice
 D - the ring of Idghalidog (left claw) {rN+ Str+6}
   (You found it on level 7 of the Dungeon)

   [ring of strength]

   Str:       It affects your strength (+6).
   rN:        It protects you from negative energy.
 E - a +6 ring of dexterity (right claw)
Wands
 a - a wand of flame (41)
Scrolls
 e - 8 scrolls of teleportation
 i - a scroll of immolation
 p - 4 scrolls of amnesia
 s - 2 scrolls of fear
 y - a scroll of vulnerability
 C - a scroll of enchant weapon {unknown}
 F - a scroll of torment {unknown}
 G - a scroll of blinking {unknown}
Potions
 m - 2 potions of brilliance
 o - a potion of cancellation
 q - a potion of berserk rage
 t - 4 potions of flight
 z - 3 potions of mutation


   Skills:
 + Level 6.1 Fighting
 + Level 8.2 Maces & Flails
 - Level 4.6 Throwing
 - Level 1.2 Armour
 - Level 2.5 Dodging
 - Level 1.1 Stealth
 - Level 5.5 Unarmed Combat
 + Level 4.1 Invocations


You had 8 spell levels left.
You didn't know any spells.
Your spell library contained the following spells:

 Spells                   Type           Power      Damage    Failure   Level
 Slow                     Hex            0%         N/A       47%         1
 Confusing Touch          Hex            0%         N/A       85%         3
 Vampiric Draining        Necr           0%         2d6       85%         3


Dungeon Overview and Level Annotations

Branches:
Dungeon (8/15)             Temple (1/1) D:5           Sewer (visited)
   Lair: D:8-11

Altars:
Ashenzari
Cheibriados
Dithmenos
Elyvilon
Fedhas
Gozag
Kikubaaqudgha
Makhleb
Nemelex Xobeh
Okawaru
Qazlal
Sif Muna
Trog
Uskayaw
Vehumet
Wu Jian
Xom
Yredelemnul
Zin
The Shining One


Innate Abilities, Weirdness & Mutations

You are too large for most types of armour.
You have claws for hands.
Your natural rate of healing is unusually fast.
You are covered in fur. (AC +1)
You have tough skin. (AC +1)
You are agile. (Dex +4, Str/Int -1)
Your flesh is cold resistant. (rC+)
Your magical capacity is low. (-10% MP)


Message History

Things that are here:
a +0 club; a gnoll corpse You barely miss the gnoll.
The gnoll closely misses you.
The gnoll sergeant hits you from afar with a +3 spear of distortion.
You are cast into the Abyss!
This branch contains the abyssal rune of Zot.
Reactivating autopickup.
HP restored.
Magic restored.
You feel like a meek peon again.
Found a gateway leading deeper into the Abyss.
There is a gateway leading deeper into the Abyss here.
Found a gateway leading deeper into the Abyss.
There is a gateway leading deeper into the Abyss here.
A wretched star comes into view.
Okay, then.
Okay, then.
The iron imp shouts!
The iron imp misses you.
You bludgeon the iron imp!!
You kill the iron imp!
Okawaru accepts your kill.
Found a gateway leading deeper into the Abyss.
A red very ugly thing comes into view.
A large abomination comes into view.
A large abomination comes into view.
The large abomination barely misses you.
You hit the large abomination but do no damage.
The large abomination hits you!
You hit the large abomination but do no damage.
The large abomination hits you.
You barely miss the large abomination. The large abomination hits you!!
You hit the large abomination.
The large abomination is lightly damaged.
The large abomination hits you!
You impale the large abomination!!
The large abomination is almost destroyed.
The large abomination closely misses you.
The large abomination hits you!!
You die...

...##.....#
#...#...... ##
.......... . # #
#........ ... .#
##....... . . ..
#.......### .. .
###..###......#
.....#.#..... #.@X.# #
. .#. ..#.
#.#.##.#..## .
...#.#...##....#.....#
.
#.#.......####......#
..# ...##...#.#.....
#.. .#.#
......#.....#.....#
... . ## #....
........# . ..
.#.###..#.#....#.. ..
#....#.#..#...#....#.


You could see a large abomination.

Vanquished Creatures
  Pikel (D:5)
  Maggie (D:6)
  Eustachio (D:5)
  A water moccasin (D:7)
  2 sky beasts
  2 black bears
  2 ogres
  A centaur (D:6)
  3 phantoms
  2 kobold brigands
  Blork the orc (D:5)
  A bullfrog (D:8)
  4 scorpions
  A necrophage (D:5)
  4 wights (D:7)
  4 killer bees (D:7)
  An electric eel (D:6)
  A howler monkey (D:5)
  2 orc priests
  A gnoll bouda (D:7)
  4 hounds
  3 jellies
  An iron imp (Abyss:1)
  3 iguanas
  9 orc wizards
  A gnoll (D:8)
  11 adders
  4 river rats (Sewer)
  A white imp (D:6)
  2 ufetubi
  5 worms
  3 dart slugs
  18 orcs
  5 endoplasms
  7 giant cockroaches
  4 goblins
  9 hobgoblins
  10 jackals
  7 quokkas
  17 ball pythons
  12 bats
  8 frilled lizards
  16 kobolds
  10 rats
206 creatures vanquished.

Vanquished Creatures (others)
  A white imp (D:6)
1 creature vanquished.

Grand Total: 207 creatures vanquished

Notes
Turn   | Place    | Note
-------+----------+-------------------------------------------
     0 | D:1      | cheesebisquit the Troll Monk began the quest for the Orb.
     0 | D:1      | Reached XP level 1. HP: 22/22 MP: 0/0
    78 | D:1      | Reached XP level 2. HP: 29/29 MP: 1/1
    94 | D:1      | Found a faded altar of an unknown god.
   292 | D:1      | Reached XP level 3. HP: 32/36 MP: 2/2
  1000 | D:2      | Reached XP level 4. HP: 45/45 MP: 3/3
  1421 | D:2      | Identified the +6 broad axe "Hyca" {vorpal, rF+ rC+ rN+
                  | Int-3}
  1608 | D:3      | Found a burning altar of Makhleb.
  1769 | D:3      | Found a glowing drain.
  1779 | Sewer    | Entered a sewer
  1936 | Sewer    | Reached XP level 5. HP: 52/53 MP: 4/4
  1948 | Sewer    | Reached skill level 1 in Throwing
  1952 | Sewer    | Reached skill level 1 in Maces & Flails
  2571 | D:3      | Reached XP level 6. HP: 39/62 MP: 5/5
  3196 | D:3      | Reached skill level 2 in Maces & Flails
  3240 | D:4      | Reached skill level 5 in Unarmed Combat
  3286 | D:4      | Reached XP level 7. HP: 70/70 MP: 6/6
  3805 | D:5      | Entered Level 5 of the Dungeon
  3957 | D:5      | Found a staircase to the Ecumenical Temple.
  3963 | Temple   | Entered the Ecumenical Temple
  4024 | Temple   | Became a worshipper of Warmaster Okawaru
  4024 | Temple   | Reached * piety under Okawaru
  4024 | Temple   | Reached ** piety under Okawaru
  4397 | D:5      | Noticed Blork the orc
  4400 | D:5      | Killed Blork the orc
  4401 | D:5      | Reached skill level 3 in Maces & Flails
  4409 | D:5      | Noticed Pikel
  4417 | D:5      | Killed Pikel
  4418 | D:5      | Reached skill level 5 in Fighting
  4418 | D:5      | Reached XP level 8. HP: 67/80 MP: 6/8
  4493 | D:5      | Noticed Eustachio
  4506 | D:5      | Killed Eustachio
  4506 | D:5      | Reached *** piety under Okawaru
  4507 | D:5      | Reached skill level 4 in Maces & Flails
  5191 | D:6      | Noticed Maggie
  5260 | D:6      | Killed Maggie
  5326 | D:6      | Reached XP level 9. HP: 67/89 MP: 10/10
  5387 | D:6      | Reached skill level 1 in Armour
  5415 | D:6      | Reached skill level 5 in Maces & Flails
  6013 | D:6      | Identified the +9 quarterstaff of Awkwardness {drain,
                  | Fragile rN+ Str+6 Stlth+}
  6043 | D:6      | Reached skill level 6 in Maces & Flails
  6867 | D:7      | Reached skill level 7 in Maces & Flails
  6879 | D:7      | Found a shadowy altar of Dithmenos.
  6930 | D:7      | Found a glowing golden altar of the Shining One.
  7056 | D:7      | Reached **** piety under Okawaru
  7101 | D:7      | Identified the ring of Idghalidog {rN+ Str+6}
  7294 | D:7      | Reached skill level 8 in Maces & Flails
  7820 | D:8      | Gained mutation: You are agile. (Dex +4, Str/Int -1)
                  | [potion of mutation]
  7820 | D:8      | Gained mutation: Your magical capacity is low. (-10% MP)
                  | [potion of mutation]
  7820 | D:8      | Gained mutation: Your flesh is cold resistant. (rC+)
                  | [potion of mutation]
  7838 | D:8      | HP: 2/89 [kobold brigand/+0 whip (8)]
  7977 | Abyss:1  | Cast into level 1 of the Abyss (gnoll sergeant)
  8021 | Abyss:1  | Noticed a wretched star
  8055 | Abyss:1  | Noticed a red very ugly thing
  8082 | Abyss:1  | Slain by a large abomination

Illustrated notes

Levels and vault maps discovered:
D:1:      ncdulo_watergridlock, layout_basic, shapermc_ecumenical_altar_pompeii
D:2:      layout_basic
D:3:      layout_loops_ring, mainiacjoe_overflow_tiny_flanked,
          gup_sewer_entry_pipe
D:4:      layout_basic, chequers_serial_rivers_micro_b
D:5:      layout_loops_ring, temple_statues, kennysheep_generic_room_3,
          uniq_blork_the_orc, uniq_eustachio, uniq_pikel
D:6:      minmay_flawed_box, layout_layer_cave, fountainhead, uniq_maggie
D:7:      layout_loops_ring, hangedman_feature_mirror
D:8:      layout_cave_pods, gammafunk_temple_overflow_wave, serial_shops,
          nicolae_shop_waterfront
Temple:   compressed_dpeg_triangle_lava_temple
Abyss:1:  base:
D:6

Skill      XL: |  1  2  3  4  5  6  7  8  9 |
---------------+----------------------------+-----
Fighting       | 3 4 5 6 |  6.1
Unarmed Combat | 4 5 |  5.5
Throwing       | 1 2 3 4 |  4.6
Maces & Flails | 1 2 3 4 8 |  8.2
Invocations    | 2 3 4 |  4.1
Armour         | 1 |  1.2
Dodging        | |  2.5
Stealth        | |  1.1

Action                   |  1- 3 |  4- 6 |  7- 9 || total
-------------------------+-------+-------+-------++-------
Melee: Unarmed           |    84 |   170 |    62 ||   316
       Punch             |     2 |     6 |     4 ||    12
       Broad axe         |       |     9 |       ||     9
       Giant spiked club |       |       |   238 ||   238
Throw: Stone             |     2 |       |       ||     2
Invok: Heroism           |       |       |    11 ||    11
  Use: Scroll            |       |     8 |     6 ||    14
       Potion            |       |     3 |     9 ||    12
 Stab: Sleeping          |     3 |     4 |     3 ||    10
Armor: Robe              |    21 |    70 |    36 ||   127
       Skin              |       |    10 |       ||    10
       Steam dragon scal |       |       |   121 ||   121
Dodge: Dodged            |    37 |   114 |   189 ||   340
